Description

You have trouble to defend 2-base all-ins in PvP ? In this replay, I show you how to scout them and how to react as soon as you see one coming.

In the VOD, you have all the details.

Notes :

  • Try to have a constant scout: 2 or 3 sentries are really good in PvP.
  • If you see a Gateway Explosion, cut your immortal production and add your gateways
  • Try to rush the templar archive as soon as you see the all-in coming
  • Always wait him: You don't need to engage
  • Add some shield batteries but don't block your own units with them
  • Try to kill the warp prism asap if you can

VOD

https://youtu.be/kG-xWAY5p4I

Replay - PvP countering 2 base all-in

Build Order

Get SALT Encoding   

  12  0:01  Probe  
  13  0:13  Probe  
  14  0:17  Pylon  
  14  0:22  Probe  
  15  0:31  Probe  
  15  0:37  Gateway  
  15  0:41  Probe  
  16  0:46  Assimilator  
  17  0:53  Probe  
  17  0:55  Assimilator  
  18  1:06  Probe  
  18  1:10  Gateway  
  19  1:18  Probe  
  20  1:24  Cybernetics Core  
  20  1:30  Probe  
  21  1:34  Pylon  
  21  1:42  Probe  
  22  2:00  Stalker, Sentry  
  27  2:03  Warp Gate  
  28  2:12  Pylon  
  28  2:22  Adept x2  
  29  2:23  Pylon  
  33  2:52  Nexus  
  33  3:01  Sentry  
  33  3:02  Stalker  
  37  3:12  Robotics Facility  
  39  3:41  Forge  
  39  3:51  Pylon  
  39  3:55  Immortal  
  45  4:11  Protoss Ground Weapons Level 1  
  45  4:13  Shield Battery  
  44  4:33  Shield Battery  
  44  4:34  Immortal  
  49  4:57  Stalker x2  
  55  5:05  Twilight Council  
  55  5:08  Observer  
  59  5:24  Charge  
  59  5:28  Zealot x2  
  62  5:32  Immortal  
  69  5:44  Gateway  
  69  5:47  Assimilator x2  
  70  6:11  Templar Archives  
  71  6:13  Zealot x2  
  75  6:19  Shield Battery  
  75  6:27  Gateway x2  
  75  6:36  Zealot x2  
  79  6:46  Shield Battery  
  79  6:55  Shield Battery  
  79  6:56  High Templar x2  
  79  6:57  Zealot  
  79  7:00  Archon  
  81  7:20  Zealot  
Spawning Tool Build Advisor. Get it on Overwolf

Go to:

Details

  • Created by: zuka      
  • Published on: Oct 08, 2019
  • Patch: 4.7.1
Show
View Real Time Build Order
Export as new Build Order

Comments (1)

On Oct. 19, 2019, 10:01 p.m., Gcob  said:

Most of your build order is OK, but why do you make 81 probes on 2 bases?

Create an account to comment!